 Dungeon Crawl Stone Soup version 0.17-a0-1945-gfe993df (webtiles) character file.

90 derrpe the Magician (level 4, -1/24 HPs)
             Began as a Deep Elf Wizard on Oct 1, 2015.
             Slain by a goblin
             ... wielding a +0 club
             ... led by Robin
              (4 damage)
             ... on level 2 of the Dungeon.
             The game lasted 00:04:38 (2232 turns).

derrpe the Magician (Deep Elf Wizard)               Turns: 2232, Time: 00:04:38

Health: -1/24      AC:  3    Str:  4    XL:     4   Next: 32%
Magic:  1/13       EV: 18    Int: 26    God:
Gold:   81         SH:  0    Dex: 18    Spells: 4 memorised, 5 levels left

rFire  . . .     SeeInvis .     e - +0 dagger (curse)
rCold  . . .     Clarity  .     a - +0 robe
rNeg   . . .     SustAt   .     (no shield)
rPois  .         Gourm    .     b - +0 hat
rElec  .         Spirit   .     p - +0 cloak
rCorr  .         Warding  .     (no gloves)
rMut   .         Stasis   .     (no boots)
MR     .....                    (no amulet)
Stlth  ++........               k - +2 ring of intelligence
                                g - ring of loudness (curse)

@: agile, not resistant to hostile enchantments, unstealthy
A: no striking features
a: no special abilities


You were on level 2 of the Dungeon.
You were not hungry.

You visited 1 branch of the dungeon, and saw 2 of its levels.

You collected 81 gold pieces.

Inventory:

Hand weapons
 e - a cursed +0 dagger (weapon)
 l - a +2 short sword of holy wrath
 m - a +1 dagger of venom
Armour
 a - a +0 robe (worn)
 b - a +0 hat (worn)
 p - a +0 cloak (worn)
Jewellery
 g - a cursed ring of loudness (left hand)
 k - a +2 ring of intelligence (right hand)
Scrolls
 h - a scroll of immolation {unknown}
 i - a scroll of remove curse {unknown}
 o - a scroll of teleportation {unknown}
 q - a scroll of identify {unknown}
Books
 c - a book of Minor Magic

   Spells                             Type                      Level
   a - Magic Dart                     Conjuration                  1
   b - Blink                          Translocation                2
   c - Call Imp                       Summoning                    2
   d - Repel Missiles                 Charms/Air                   2
   e - Slow                           Hexes                        2
   f - Conjure Flame                  Conjuration/Fire             3
   g - Mephitic Cloud                 Conjuration/Poison/Air       3
Comestibles
 d - 3 bread rations {@e1}
 f - 2 meat rations {@e2}
 j - a beef jerky
 r - a chunk of flesh {@w0}


   Skills:
 - Level 2.4 Dodging
 - Level 2.4 Stealth
 + Level 5.2 Spellcasting
 * Level 3.5 Conjurations
   Level 1.1 Summonings
 - Level 1.1 Translocations
 + Level 0.8 Air Magic
 + Level 1.0 Poison Magic


You had 5 spell levels left.
You knew the following spells:

 Your Spells              Type           Power        Failure   Level  Hunger
a - Magic Dart            Conj           ####         1%          1    None
b - Blink                 Tloc           N/A          10%         2    None
c - Repel Missiles        Chrm/Air       #.....       12%         2    None
d - Mephitic Cloud        Conj/Pois/Air  ###.....     12%         3    #......


Dungeon Overview and Level Annotations

Branches:
Dungeon (2/15)

Altars:
Ashenzari
Sif Muna
The Shining One


Message History

It was a potion of agility.
You feel agile all of a sudden. The goblin misses you.
The goblin moves out of view.
You barely miss Robin.
Robin is almost dead.
Robin roars a battlecry!
Robin hits you with a dagger. The goblin hits you with a club!
You hit Robin.
You kill Robin!
The goblin completely misses you.
You hit the goblin.
You kill the goblin!
The goblin hits you with a club.
* * * LOW HITPOINT WARNING * * *
You closely miss the hobgoblin. The goblin closely misses you.
The hobgoblin completely misses you.
You hit the hobgoblin.
The hobgoblin is moderately wounded.
The goblin hits you with a club.
You die...

#######. ##. ##.
... ####.# ..
#...## .. #.#..#
)### ####.#.#. )g#
#.>..#.## #g#
.##.......# #@#
#..........# #g#
####.##.##.# #.#
#.##.##.# #.#
#.#...#.#
#.########.#...#.#
#.#...............
#.#.#####.........
#.#.# #........#
#.#.# #..#.#.###


You could see a hobgoblin (frenzied) and 2 goblins.

Vanquished Creatures
  Robin (D:2)
  2 adders (D:2)
  An ooze (D:1)
  2 worms (D:2)
  3 giant geckos
  A ball python (D:1)
  4 bats
  2 giant cockroaches (D:1)
  12 goblins
  8 hobgoblins
  2 jackals (D:1)
  4 giant newts
  5 kobolds
  6 rats
53 creatures vanquished.

Notes
Turn   | Place    | Note
--------------------------------------------------------------
     0 | D:1      | derrpe the Deep Elf Wizard began the quest for the Orb.
     0 | D:1      | Reached XP level 1. HP: 10/10 MP: 7/7
   308 | D:1      | Reached XP level 2. HP: 15/15 MP: 5/9
   521 | D:1      | Learned a level 2 spell: Blink
   524 | D:1      | Learned a level 2 spell: Repel Missiles
   829 | D:1      | Reached XP level 3. HP: 19/19 MP: 8/11
  1368 | D:2      | Found a deep blue altar of Sif Muna.
  1475 | D:2      | Learned a level 3 spell: Mephitic Cloud
  1521 | D:2      | Found a glowing golden altar of the Shining One.
  1896 | D:2      | Reached skill level 1 in Poison Magic
  2001 | D:2      | Reached skill level 5 in Spellcasting
  2058 | D:2      | Found a shattered altar of Ashenzari.
  2072 | D:2      | Reached XP level 4. HP: 16/24 MP: 7/13
  2220 | D:2      | Noticed Robin
  2229 | D:2      | Killed Robin
  2232 | D:2      | Slain by a goblin

Vault maps used:
D:1:      dpeg_arrival_three_same_balls
D:2:      wad_pebble_path, evilmike_ruin_ashenzari, led_sif_pool,
          overflow_temple_1_default, uniq_robin

Action                   |  1- 3 |  4- 6 || total
-------------------------+-------+-------++-------
Melee: Dagger            |       |     5 ||     5
 Cast: Magic Dart        |    99 |    16 ||   115
  Use: Potion            |       |     1 ||     1
  Eat: Chunk             |     3 |     1 ||     4
